[Event "XIII Marques de Pombal 2022"]
[Site "Pombal"]
[Date "2022.10.05"]
[Round "2.4"]
[White "Goncalves, Samuel Jesus Pereira"]
[Black "Gama, Joao Tiago Corregedo"]
[Result "1/2-1/2"]
[ECO "E10"]
[WhiteElo "2072"]
[BlackElo "1685"]
[Annotator "TA"]
[PlyCount "122"]
[EventDate "2022.09.28"]
[EventType "swiss"]
[EventCountry "POR"]
[SourceTitle "playchess.com"]
[Source "ChessBase"]
[SourceQuality "1"]
[TimeControl "5400+30"]

1. d4 Nf6 2. c4 e6 3. Nf3 d5 4. cxd5 exd5 5. Nc3 c6 6. Bg5 Be7 7. e3 Bf5 8. h3 Nbd7 {[%emt 0:05:13] D35: Queen's Gambit Declined: Exchange Variation.} 9. g4 Bg6 {[%emt 0:02:22] [#]} 10. Qb3 $146 ({Predecessor:} 10. Nh4 Ne4 11. Bxe7 Qxe7 12. Nxg6 hxg6 13. Bd3 Ndf6 14. a3 Rh4 15. Nxe4 Nxe4 16. Qf3 {1-0 (30) Cordts,E (1787)-Im Brook,J Fuerth 2015}) 10... Qb6 {[%emt 0:06:07] Black is slightly better.} 11. Be2 Qxb3 12. axb3 Ne4 13. Bxe7 Kxe7 14. Nd2 Nxd2 15. Kxd2 h5 16. g5 Nf8 17. b4 Ne6 18. h4 Kd6 (18... a6 $11) 19. Na4 {[%emt 0:05:51] White is more active.} (19. b5 $16) 19... a6 $11 20. Nc5 Nxc5 21. bxc5+ Kc7 22. Ra3 Rhe8 23. Rb3 Re7 24. Rf1 Rh8 25. Ra1 Re4 26. f4 Ree8 27. Rb6 Ra8 28. Ra3 Be4 29. Rb4 g6 (29... f6 $142) 30. Rab3 Ra7 31. Ra3 Re8 32. Ra1 Raa8 33. Rba4 Re7 34. b4 Rb8 35. Rf1 Bf5 36. Ra3 Kd7 37. Rg1 Rbe8 38. Rg3 Ke6 39. Ra1 Be4 40. Rf1 Bf5 41. Rf2 Be4 42. Bf1 Bf5 43. Bg2 Ra8 44. Kc1 (44. Rf1 $11) 44... Kd7 (44... b5 $15) 45. Ra2 {[%emt 0:00:14] The position is equal.} Rae8 46. Kd2 Kc7 47. Ra1 Kd7 48. Ra3 Ke6 49. Ra2 Kd7 50. Ra1 Ke6 51. Rf3 Be4 52. Bh3+ Bf5 $1 53. Bf1 Rb8 54. Kc3 Kd7 55. Re1 Rbe8 56. Kd2 Ke6 57. Kc3 Kd7 58. Kd2 Ke6 59. Bg2 Be4 60. Bh3+ Bf5 $1 61. Bf1 Kd7 {[%emt 0:01:24] Weighted Error Value: White=0.08 (flawless) /Black=0.07 (flawless)} 1/2-1/2

[Event "XIII Marques de Pombal 2022"]
[Site "Pombal"]
[Date "2022.10.05"]
[Round "2.5"]
[White "Veleirinho, Tomas Carvalho"]
[Black "Gori, Andrea"]
[Result "1-0"]
[ECO "C50"]
[WhiteElo "1692"]
[BlackElo "1982"]
[Annotator "TA"]
[PlyCount "147"]
[EventDate "2022.09.28"]
[EventType "swiss"]
[EventCountry "POR"]
[SourceTitle "playchess.com"]
[Source "ChessBase"]
[SourceQuality "1"]
[TimeControl "5400+30"]

1. e4 e5 2. Nf3 Nc6 3. Bc4 Bc5 4. O-O Nf6 5. d3 O-O 6. h3 a6 7. Bb3 d6 8. c3 Ba7 9. Nbd2 Qe7 {C54: Giuoco Piano: 4 c3 Nf6, main lines with 5 d4 and 5 d3.} 10. Re1 Na5 11. Bc2 c5 {White is slightly better.} 12. Nf1 Nc6 13. Ng3 {[#]} (13. Bg5 $5 ) 13... Ne8 $146 ({Predecessor:} 13... h6 14. Nh4 Kh7 15. Nhf5 Bxf5 16. Nxf5 Qd7 17. Qf3 Ng8 18. Qg4 g6 19. Nxh6 Qxg4 20. Nxg4 {1-0 (62) Ozsakallioglu,A (1865)-Koksal,R (1763) Antalya 2018}) 14. Bg5 Qc7 15. Nh4 Be6 16. Nhf5 b5 17. Qg4 {White is more active.} (17. Bb3 $14) 17... Kh8 $11 {Threatens to win with ...f6.} 18. Qh4 {[%cal Of5g7] Nxg7! is the strong threat.} f6 19. Be3 Rb8 20. Rad1 Rb7 21. Bb1 Qf7 22. a3 Ba2 (22... g6 $5 23. Nh6 $8 Qe7 $11) 23. f4 (23. Bxa2 $14 Qxa2 24. Bc1) 23... Bxb1 24. Rxb1 d5 25. fxe5 Nxe5 26. d4 Nd3 27. Rf1 c4 ({Black should play} 27... g6 $11 28. Nh6 Qe7) 28. e5 (28. b3 $1 $14) 28... Qe6 $1 {next ...Rbf7 is good for Black.} (28... fxe5 $2 29. Nh6 $1 gxh6 30. Rxf7 Rbxf7 31. Rf1 $18 (31. Bxh6 exd4 32. cxd4 Ng7 $16)) 29. Rf3 $2 (29. Qg4 $1 $11 {and White stays safe.}) 29... Rbf7 $2 (29... fxe5 $19 {Hoping for ...Rbf7.} 30. Rff1 (30. Nxg7 $2 Kxg7 31. Qg5+ Qg6 $19) 30... Rbf7 31. dxe5 Bxe3+ 32. Nxe3 Qxe5) 30. exf6 $16 Rxf6 {[#] aiming for ...Bb8.} 31. Rbf1 (31. Bg5 $1 $16 Ne5 32. Rff1 (32. Bxf6 Nxf3+ 33. gxf3 Nxf6 $17)) 31... Bb6 $2 {[%mdl 8192] [#]} (31... R6f7 $11) 32. Nxg7 $1 $18 Nxg7 (32... Qg8 33. Rxf6) 33. Rxf6 Qxe3+ 34. Kh2 Rg8 35. Rh6 Qxh6 36. Qxh6 Bc7 37. Rf3 Ne1 38. Re3 Nd3 39. Rf3 $2 (39. Qf6 $18) 39... a5 $2 (39... Ne1 $11) 40. Kg1 Ne1 41. Re3 Nd3 42. Nh5 Nxh5 43. Qxh5 Nf4 44. Qf3 (44. Qf5 $142 Nh5 45. Qxh5 Bd6 46. Qf7 Rf8 47. Qxd5 Rd8 48. Qg5 Rc8 49. Qf6+ Kg8 50. Qxd6) 44... Rxg2+ 45. Qxg2 Nxg2 46. Kxg2 {[%mdl 4096] Endgame Black must now prevent Re8+. KR-KB} Bf4 47. Re2 Kg7 48. Kf3 Bc1 49. Rc2 Bh6 50. Kg4 Kg6 51. h4 Be3 52. h5+ Kf6 53. Re2 Bc1 54. Rf2+ Ke6 55. Rc2 Bh6 56. Re2+ Kf6 57. Re5 Bc1 58. Rxd5 Bxb2 59. Rxb5 Bxc3 60. Rc5 Bxd4 61. Rxc4 Bb2 62. Rc6+ {White mates.} Kg7 63. a4 Ba3 64. h6+ Kf7 65. Kf5 Bf8 66. Rc7+ Kg8 67. Ra7 Bxh6 68. Rxa5 Be3 69. Re5 Bd4 70. Rd5 Be3 71. a5 Kf8 72. a6 h5 73. Rd7 Ke8 74. Rh7 {Weighted Error Value: White=0.50/Black=0.38} 1-0

[Event "XIII Marques de Pombal 2022"]
[Site "Pombal"]
[Date "2022.10.05"]
[Round "2.6"]
[White "Peixoto, Helio Ricardo Soutin"]
[Black "Calzada Cruz, Osvaldo"]
[Result "1-0"]
[ECO "B50"]
[WhiteElo "1969"]
[BlackElo "1632"]
[Annotator "TA"]
[PlyCount "63"]
[EventDate "2022.09.28"]
[EventType "swiss"]
[EventCountry "POR"]
[SourceTitle "playchess.com"]
[Source "ChessBase"]
[SourceQuality "1"]
[TimeControl "5400+30"]

1. e4 c5 2. Nf3 d6 3. d3 Nf6 4. g3 g6 5. Bg2 Bg7 6. O-O O-O 7. Nbd2 Nc6 8. a4 Bg4 9. h3 {[%emt 0:00:13] A05: Réti Opening: 1 Nf3 Nf6.} Bd7 10. Re1 {[%emt 0:04:16] [#]} Nh5 $146 ({Predecessor:} 10... Qc8 11. Kh2 Qc7 12. Nc4 a6 13. Bf4 b5 14. axb5 axb5 15. Rxa8 Rxa8 16. Ne3 e5 {1-0 (52) Ralis,P (2183)-Bouska,J (1804) Chess.com INT 2021}) 11. c3 {[%emt 0:02:27] White is slightly better.} Qc8 12. Kh2 Ne5 13. Nxe5 dxe5 14. Nc4 b5 (14... Qc7 $11 {remains equal.}) 15. axb5 $16 Bxb5 16. Ne3 {[%emt 0:00:17] White is more active.} Qd7 (16... a5 $14) 17. c4 Bc6 18. Ra5 f5 {[%emt 0:01:38] [#] Black cannot hold the game after this.} (18... e6 $16) 19. exf5 $1 $18 (19. Rxc5 $6 f4 $16) 19... Bxg2 20. Kxg2 e6 (20... Qc7 $142) 21. fxe6 (21. Rxc5 Qb7+ 22. Kg1 gxf5 $16) 21... Qxe6 22. Ng4 Qc6+ 23. Kg1 {[%emt 0:01:16] Be3 is the strong threat.} e4 $2 (23... Qc7 {was necessary.} 24. Ra6 Qc8) 24. Rxe4 ({Don't take} 24. dxe4 Rfd8 25. Qf3 a6 26. Nh6+ Bxh6) 24... Nxg3 $2 (24... Bd4) 25. fxg3 {[%emt 0:04:08] White is clearly winning.} Qc7 26. Qe1 h5 27. Ne5 Rae8 28. d4 ({Not} 28. Nxg6 Rxe4 29. dxe4 Bd4+ 30. Kh1 Qxa5 $16) 28... Bxe5 29. Rxe5 Qd7 30. Qe4 Qf7 {[%emt 0:03:26] [#] ( -> ...Qf1+)} 31. Bf4 Rxe5 32. Qxe5 {[%emt 0:01:28] Weighted Error Value: White=0.37/Black=0.75} 1-0

[Event "XIII Marques de Pombal 2022"]
[Site "Pombal"]
[Date "2022.10.05"]
[Round "2.7"]
[White "Mendes, Alberto Achiles Gasp"]
[Black "Almeida, Joao Pedro Dias"]
[Result "1/2-1/2"]
[ECO "C34"]
[WhiteElo "1618"]
[BlackElo "1901"]
[Annotator "TA"]
[PlyCount "135"]
[EventDate "2022.09.28"]
[EventType "swiss"]
[EventCountry "POR"]
[SourceTitle "playchess.com"]
[Source "ChessBase"]
[SourceQuality "1"]
[TimeControl "5400+30"]

1. e4 e5 2. f4 exf4 3. Nf3 h6 4. Bc4 d6 5. c3 g5 6. d4 {[%emt 0:00:45] C34: King's Gambit Accepted: 3 Nf3: 3...Nf6 and 3...d6.} Bg7 {[%emt 0:03:29] [#]} 7. b4 $146 (7. O-O $15) ({Predecessor:} 7. Qb3 Qe7 8. O-O Nd7 9. Na3 Nb6 10. Bd2 Bd7 11. Kh1 O-O-O 12. Rae1 h5 13. d5 h4 {0-1 (31) Khaetsky,R (2385)-Jakubowski,K (2557) Pardubice 2016}) 7... Bg4 8. Qd3 {[%emt 0:04:01] Black is better.} Ne7 (8... Nf6 $142 9. Nbd2 O-O) 9. Bb2 (9. h4 $142) 9... Nd7 10. Nbd2 Nb6 11. Bb3 d5 ({Black should play} 11... Bd7 $17) 12. O-O dxe4 13. Nxe4 Nbd5 (13... Bf5 $1 $15) 14. Bxd5 (14. Rae1 $11) 14... Nxd5 (14... Qxd5 $142 15. Rae1 Bxf3 16. Qxf3 O-O-O) 15. Nc5 (15. Qb5+ $142 Kf8 16. Qxb7) 15... O-O {[%emt 0:01:17] Threatens to win with ...b6.} 16. Nxb7 Qc8 17. Nc5 Ne3 (17... a5 $142 18. b5 Ne3) 18. Rf2 $17 Bf5 19. Qa6 Qd8 20. Re1 g4 (20... Qd6 $15) 21. Ne5 $11 Qh4 {[%emt 0:02:01] [#] Strongly threatening ...Bxe5.} 22. Rxe3 {[%emt 0:00:21] Active counter play!} Bc8 $40 {[%emt 0:00:58][%mdl 128] Black has some attack. This bishop pair is nice.} 23. Qe2 fxe3 24. Qxe3 Bxe5 (24... Qg5 $11 25. Qe2 Bf5) 25. Qxe5 $16 {[%emt 0:01:35] And now Ne4 would win. Dancing on a razor blade.} Qg5 26. Qxg5+ (26. Qe1 $16 {Black must now prevent Ne4.} a5 27. Ne4) 26... hxg5 $11 27. Re2 {[%emt 0:01:41] Inhibits Re8.} (27. c4 $11) 27... Be6 (27... f6 $15) 28. Bc1 (28. Re5 $11 {remains equal.}) 28... Bc4 $1 $17 29. Rf2 (29. Re7 $17 {was called for.}) 29... Rae8 $19 {[%emt 0:01:25] ( -> ...Re1+)} 30. Rc2 f6 31. Kf2 Rf7 {[%emt 0:00:23] aiming for ...Rfe7.} 32. Kg3 Re2 33. Rxe2 Bxe2 {[%emt 0:00:03][%mdl 4096] Endgame KRB-KBN} 34. Kf2 Re7 35. Be3 Bc4 36. a3 Kg7 37. g3 Kf7 38. Na4 Ke6 39. Nb2 Ba6 (39... Kd5 $19 {is more deadly. ...Ba6 is the strong threat.} 40. a4 Rh7) 40. c4 $17 Kf5 41. b5 ({Better is} 41. Ke2 $15) 41... Bb7 42. d5 a6 43. a4 Re4 ({Black should try} 43... Rh7 $17 44. Ke2 Rxh2+ 45. Bf2 Ke4) 44. Ke2 $11 axb5 45. axb5 Re8 46. Kd3 Ra8 (46... Rh8 $11 {keeps the balance.}) 47. Kd4 (47. Nd1 $1 $16) 47... Ra2 48. Bc1 {[%emt 0:00:27][%mdl 1024] White has strong compensation.} Ra1 (48... Kg6 $142) 49. Nd3 ({White must play} 49. Bd2 $1 $16) 49... Kg6 $1 $14 50. Kc3 Ra8 (50... Kf7 $1 $11) 51. Nc5 $16 Bc8 52. Bb2 f5 {[%emt 0:00:16] [#]} 53. Nd3 {[%emt 0:01:32] Prevents f4.} Bb7 54. Ne5+ (54. Kb3 $16) 54... Kh5 $14 55. Bc1 {[%emt 0:00:30] Against f4} Re8 56. Kd4 Ra8 57. Nf7 Ra1 {[%emt 0:00:37] [#]} (57... f4 $1 $14) 58. Be3 $1 $16 Ra2 $2 (58... Rd1+ $16 59. Kc3 f4 60. gxf4 gxf4 61. Bxf4 Rf1 62. Bxc7 (62. Nd8 Bxd5 63. Bxc7 Rc1+ 64. Kd4 Rxc4+ 65. Kxd5 Rxc7 $11) 62... Rxf7) 59. Nxg5 $18 ({Not} 59. d6 cxd6 60. Nxd6 Bf3 $16) 59... Rxh2 60. Ne6 Rg2 61. Bf4 (61. Nf4+ $142 Kg5 62. Nxg2+ Kh5 63. Bf4 Kg6 64. Bxc7 Kg7 65. c5 f4 66. Nxf4) 61... Rg1 62. Nxc7 Kg6 63. Ne6 Kf6 64. Kc5 Bc8 65. Kd6 Bxe6 66. Be5+ {[%emt 0:00:25][%mdl 64] Zwischenzug. White mates.} Kf7 67. dxe6+ Ke8 68. c5 {[%emt 0:01:39][%mdl 32768] What a fight!  Weighted Error Value: White=0.33/Black=0.42. An unexpected result.} (68. b6 $142 Rb1 69. Kc6 Kf8 70. Kd7 Rd1+ 71. Bd6+ Kg8 72. b7 Rb1 73. b8=Q+ Rxb8 74. Bxb8) 1/2-1/2

[Event "XIII Marques de Pombal 2022"]
[Site "Pombal"]
[Date "2022.10.05"]
[Round "2.8"]
[White "Farias, David Nuno Moita Est"]
[Black "Fernandes, Martim Bernardo Ramo"]
[Result "1-0"]
[ECO "B47"]
[WhiteElo "1863"]
[BlackElo "1604"]
[Annotator "NA RC COMBH"]
[PlyCount "43"]
[EventDate "2022.09.28"]
[EventType "swiss"]
[EventCountry "POR"]
[SourceTitle "playchess.com"]
[Source "ChessBase"]
[SourceQuality "1"]
[TimeControl "5400+30"]

1. e4 c5 2. Nf3 e6 3. d4 cxd4 4. Nxd4 Nc6 5. Nc3 Qc7 6. g3 Nf6 7. Bg2 Nxd4 8. Qxd4 Bc5 9. Qd3 O-O 10. O-O d6 11. Kh1 d5 12. exd5 exd5 13. Nxd5 Nxd5 14. Qxd5 Qb6 15. b3 Bxf2 16. Ba3 Be6 17. Qxb7 Bd4 18. Bxf8 Rxf8 19. Qxb6 Bxb6 20. c4 Bc8 21. Rae1 Rd8 22. Bd5 1-0

[Event "XIII Marques de Pombal 2022"]
[Site "Pombal"]
[Date "2022.10.05"]
[Round "3.1"]
[White "Khamrakulov, Ibragim S."]
[Black "Peixoto, Helio Ricardo Soutin"]
[Result "1-0"]
[ECO "B22"]
[WhiteElo "2421"]
[BlackElo "1969"]
[Annotator "TA"]
[PlyCount "63"]
[EventDate "2022.09.28"]
[EventType "swiss"]
[EventCountry "POR"]
[SourceTitle "playchess.com"]
[Source "ChessBase"]
[SourceQuality "1"]
[TimeControl "5400+30"]

1. e4 c5 2. c3 d5 3. exd5 Qxd5 4. d4 Nc6 5. dxc5 Qxd1+ 6. Kxd1 Nf6 7. Nf3 g6 {[%emt 0:00:38] B22: Sicilian: 2 c3.} (7... e6 $11) 8. Bb5 $14 Bd7 9. Nbd2 Bg7 {[%emt 0:00:36] White is slightly better.} 10. Ke2 {[%emt 0:02:28] [#]} O-O $146 ({Predecessor:} 10... O-O-O 11. Rd1 Rhe8 12. Kf1 Ne5 13. Be2 Nc6 14. Nb3 a5 15. a4 e5 16. Nfd2 Be6 17. Bc4 Nd5 18. Bb5 Nf4 19. Bc4 Nd5 20. Bb5 Nf4 21. Bc4 {½-½ (21) Spence,D (2198)-Turner,M (2482) Brentwood 2008}) 11. Rd1 Rfd8 12. Nc4 Ne4 13. Be3 $1 Be6 14. Ncd2 Nf6 15. Nd4 (15. Nb3 {feels hotter.} Nd5 16. Ng5 Bf5 17. Rxd5 Rxd5 18. Bc4) 15... Bd5 {[%emt 0:01:48] Black is now going downhill.} ({Better is} 15... Nxd4+ $14 16. Bxd4 (16. cxd4 Nd5 $11) 16... Nd5) 16. f3 $16 e5 17. Nxc6 bxc6 18. Ba4 Rab8 19. b4 Rbc8 (19... e4 $16 {was necessary.}) 20. Kf2 Be6 21. Ne4 Nd5 22. Bxc6 Rxc6 $2 {[%emt 0:03:09] [#]} (22... Nxe3 23. Rxd8+ Rxd8) 23. c4 $18 Ra6 $2 (23... Rcc8) 24. cxd5 Rxd5 25. Rxd5 Bxd5 26. Rd1 Rxa2+ 27. Kg3 f5 28. Rxd5 {[%emt 0:00:29][%cal Oc5c6] c6! is the strong threat.} f4+ {[%emt 0:03:36] [#]} 29. Bxf4 $1 exf4+ 30. Kxf4 {[%emt 0:00:05] And now c6 would win.} Rb2 31. c6 {[%emt 0:00:30][%cal Bc5c6,Bc6c7][%mdl 32] c7 would kill now.} Rxb4 32. c7 {[%emt 0:00:28] Weighted Error Value: White=0.08 (flawless) /Black=0.86} 1-0

[Event "XIII Marques de Pombal 2022"]
[Site "Pombal"]
[Date "2022.10.06"]
[Round "3.2"]
[White "Goncalves, Lucas Jordao"]
[Black "Padeiro, Jose Joao Tato"]
[Result "1-0"]
[ECO "B15"]
[WhiteElo "1849"]
[BlackElo "2215"]
[Annotator "TA"]
[PlyCount "111"]
[EventDate "2022.09.28"]
[EventType "swiss"]
[EventCountry "POR"]
[SourceTitle "playchess.com"]
[Source "ChessBase"]
[SourceQuality "1"]
[TimeControl "5400+30"]

1. e4 c6 2. d4 d5 3. Nc3 dxe4 4. Nxe4 Nf6 5. Nxf6+ exf6 6. c3 Bd6 7. Bd3 O-O 8. Qc2 {[%emt 0:00:24] Active counter play!} Re8+ {[%emt 0:00:16] B15: Caro-Kann: 3 Nc3: 3...g6 and 3...dxe4 4 Nxe4 Nf6 5 Nxf6+ exf6.} 9. Ne2 h5 (9... f5 $11) 10. Be3 Nd7 {[%emt 0:02:13] White is slightly better.} 11. O-O-O b5 12. Ng3 Nb6 13. Nxh5 Bg4 14. Be2 Bxe2 15. Qxe2 g6 {[%emt 0:00:47] [#]} 16. Ng3 $146 ({Predecessor:} 16. g4 gxh5 17. Rhg1 Nd5 18. g5 Nf4 19. Qf3 Ng6 20. gxf6 Re6 21. Bg5 Bf8 22. Qd3 {1-0 (35) Sousa,A (2406)-Padeiro,J (2235) Evora 2021}) 16... f5 17. Qf3 {[%emt 0:01:04] Prevents f4.} b4 18. cxb4 (18. Qxc6 $2 bxc3 19. bxc3 Rc8 $19) 18... Nd5 19. Bd2 a5 (19... Qb6 $15 {stays ahead.}) 20. b5 (20. bxa5 $16 {And now h4 would win.} Qh4 21. Ne2) 20... Qb6 $11 21. bxc6 (21. Ne2 $11) 21... Rab8 $19 (21... Qxc6+ 22. Kb1 $14) 22. Bc3 (22. b3 Qxc6+ 23. Kb2) 22... Qxc6 {[%emt 0:04:40] Strongly threatening ...Bf4+.} 23. Rhe1 Rec8 24. Ne2 {[%emt 0:00:47] Against Bf4+} Qc4 (24... Qb5 $142 25. Rd2 Bf4 $1 26. Nxf4 Rxc3+ $1 27. Qxc3 Nxc3) 25. Kb1 a4 26. Rc1 $2 (26. Ka1 Nb4 27. Bxb4 Qxb4 $19) (26. Rd2 Nxc3+ 27. Nxc3) 26... a3 27. Ka1 Nxc3 {[%emt 0:13:39][%mdl 64] Remove Defender} (27... Rxb2 $2 28. Bxb2 axb2+ 29. Kxb2 Rb8+ 30. Ka1 $18) 28. Rxc3 axb2+ 29. Kb1 Qb4 (29... Qa4 $1 $19 {has better winning chances.} 30. Rxc8+ Rxc8) 30. Rd1 $17 Re8 $40 {[%emt 0:00:33][%mdl 128] Black is up to no good.} (30... Bxh2 $6 31. g3 $14) ({Better is} 30... Qa5 $17 31. Rxc8+ Rxc8) 31. Rb3 (31. Rc6 $1 $15) 31... Qc4 32. Rxb8 (32. Nc3 $17 {was worth a try.}) 32... Bxb8 $19 (32... Rxb8 33. Qd3 Qb4 34. f4 $17) 33. Nc3 Rc8 (33... Bxh2 34. Qd3 Qc7 35. Rh1 $11) 34. Kxb2 (34. Qd3 $142 Qxc3 35. Qxc3 Rxc3 36. Kxb2) 34... Bd6 35. Qd3 {[%emt 0:02:03] aiming for Qxc4.} Qb4+ 36. Kc2 Qa3 {[%emt 0:01:26] ( -> ...Qxa2+)} 37. Rb1 Qxa2+ ({Don't blunder} 37... Bxh2 $2 38. g3 $19) 38. Rb2 Qa5 39. Rb3 Qa2+ (39... Bxh2 40. Kb2 $17) 40. Rb2 Qa1 41. Rb1 Qa5 (41... Qa4+ $142 42. Rb3 Qa2+ 43. Rb2) 42. Rb3 $1 Qd5 ({Inferior is} 42... Bxh2 43. Kb2 $17) (42... Bb4 $142 {...Qa2+ is the strong threat.} 43. Kb2 Ra8) 43. f3 Bxh2 44. Qa6 Qd8 45. Kd3 {[%emt 0:02:48] [#]} Qe8 $2 (45... Qc7 $1 $19 {Hoping for ...Bg3.} 46. Kc2 Bf4) 46. Nd5 $11 Kg7 (46... Ra8 $1 $11 {and Black stays safe.} 47. Qf6 Ra2 48. Ne7+ Kh7) 47. Qf6+ $18 Kh7 {[%emt 0:00:29] [#]} 48. Qh4+ $1 Kg7 49. Qxh2 {[%emt 0:00:07] The board is on fire.} Rd8 $2 (49... Qa4 {is tougher.} 50. Qe5+ Kh6 51. Qe3+ (51. Rc3 Qd1+ 52. Ke3 Re8 $17) 51... Kg7) 50. Ne3 {[%emt 0:01:16] White is clearly winning.} Qa4 51. Qe5+ Kg8 (51... Kh7 $142) 52. Rb8 Qa6+ 53. Kd2 Qa2+ 54. Nc2 Rxb8 55. Qxb8+ Kh7 56. Qe5 {[%emt 0:00:35] Weighted Error Value: White=0.54/Black=0.81} 1-0

[Event "XIII Marques de Pombal 2022"]
[Site "Pombal"]
[Date "2022.10.05"]
[Round "3.3"]
[White "Povshednyi, Ivan"]
[Black "Farias, David Nuno M E"]
[Result "1/2-1/2"]
[ECO "A04"]
[WhiteElo "2140"]
[BlackElo "1863"]
[Annotator "TA"]
[PlyCount "59"]
[EventDate "2022.09.28"]
[EventType "swiss"]
[EventCountry "POR"]
[SourceTitle "playchess.com"]
[Source "ChessBase"]
[SourceQuality "1"]
[TimeControl "5400+30"]

1. Nf3 c5 2. g3 Nc6 3. Bg2 g6 4. c3 Nf6 5. d4 d5 6. O-O Bg7 7. Ne5 e6 8. Nxc6 bxc6 9. Bf4 Nh5 10. Be3 cxd4 11. cxd4 O-O 12. Nc3 Nf6 {[%emt 0:12:49] D79: Fianchetto Grünfeld: Symmetrical Variation (6 0-0 c6 7 cxd5 cxd5).} 13. Qd2 Ng4 14. Bf4 e5 (14... f6 {is interesting.} 15. h3 e5 16. dxe5 fxe5 17. Bg5 Bf6) 15. dxe5 Nxe5 16. b3 Qa5 {[%emt 0:01:31] [#]} ({Better is} 16... Re8 $14) 17. Nxd5 $1 $16 Qxd2 18. Ne7+ {[%emt 0:00:09][%mdl 64] Discovered Attack, Double Attack} Kh8 19. Bxd2 Bb7 20. Rac1 Rfe8 21. Nxc6 {[%emt 0:16:27] White is much more active.} Nxc6 22. Bxc6 Bxc6 23. Rxc6 Rxe2 24. Bc3 ({White should try} 24. Rd6 $16) 24... Rxa2 {[%emt 0:09:04] The position is equal.} 25. Bxg7+ Kxg7 $11 {KRR-KRR} 26. Re1 Rb8 27. Re3 Rb2 28. Rc7 R8xb3 29. Rxb3 Rxb3 30. Rxa7 {[%emt 0:00:08] Black defended with fortune.  Weighted Error Value: White=0.15 (very precise) /Black=0.19 (very precise)} 1/2-1/2

[Event "XIII Marques de Pombal 2022"]
[Site "Pombal"]
[Date "2022.10.05"]
[Round "3.4"]
[White "Almeida, Joao Pedro Dias"]
[Black "Veleirinho, Tomas Carvalho"]
[Result "1-0"]
[ECO "D85"]
[WhiteElo "1901"]
[BlackElo "1692"]
[Annotator "TA"]
[PlyCount "65"]
[EventDate "2022.09.28"]
[EventType "swiss"]
[EventCountry "POR"]
[SourceTitle "playchess.com"]
[Source "ChessBase"]
[SourceQuality "1"]
[TimeControl "5400+30"]

1. d4 Nf6 2. Nf3 g6 3. c4 Bg7 4. Nc3 d5 5. cxd5 Nxd5 6. e4 Nxc3 7. bxc3 c5 8. Bb5+ Bd7 (8... Nc6 $5 ) 9. Bxd7+ {[%emt 0:00:08] D85: Exchange Grünfeld: Unusual White 7th moves and lines with 7 Nf3.} Qxd7 10. Be3 Nc6 11. O-O {[%emt 0:00:12] [#] White is slightly better.} Qc7 $146 (11... cxd4 12. cxd4 (12. Nxd4 Rc8) 12... O-O) ({Predecessor:} 11... O-O 12. d5 Na5 13. Bxc5 Bxc3 14. Rc1 Bb2 15. Rc2 Bg7 16. Qd2 b6 17. Bb4 Nb7 18. Rfc1 Nd6 19. e5 Nf5 20. Rc7 Qd8 21. g4 Nh6 22. h3 Re8 23. Qd4 {1-0 (23) Lopez,J (1736)-Giraldo Alvarez,S (1569) Medellin 2022}) 12. Qe2 O-O 13. Rac1 b6 14. dxc5 Na5 15. cxb6 axb6 16. c4 Nb7 {[%emt 0:06:31] Against c5} 17. Rb1 Nc5 18. Bxc5 Qxc5 19. Rb5 Qc7 20. Rfb1 Ra6 21. Rd5 Rfa8 22. Rd2 Ra4 23. Rc2 R8a5 24. Rb5 Ra6 25. c5 Qb7 {[%emt 0:04:17][%mdl 8192] This move loses the game for Black.} (25... bxc5 $11 {and Black stays safe.} 26. Rbxc5 (26. Rcxc5 Qd8 $11) 26... Qb7) 26. c6 $18 Qc7 27. Rd5 b5 28. Rd7 Qc8 {[%emt 0:00:15] [#]} 29. c7 $1 {[%emt 0:00:18] White threatens Rd8+ and mate.} Rd6 {[%emt 0:00:40] [#]} (29... Qxd7 30. c8=Q+) 30. Rxd6 $1 exd6 31. Qxb5 {[%emt 0:00:21] Intending Qb8 and mate.} Ra7 32. Qb8 Ra8 {[%emt 0:00:18] [#]} 33. Qxa8 $3 {[%emt 0:00:04][%mdl 512] Weighted Error Value: White=0.17 (very precise) /Black=0.68} 1-0

[Event "XIII Marques de Pombal 2022"]
[Site "Pombal"]
[Date "2022.10.05"]
[Round "3.5"]
[White "Morais, Vitor Mestre"]
[Black "Ferreira, Hugo Miguel Da Costa"]
[Result "1/2-1/2"]
[ECO "B40"]
[WhiteElo "1802"]
[BlackElo "2101"]
[Annotator "TA"]
[PlyCount "83"]
[EventDate "2022.09.28"]
[EventType "swiss"]
[EventCountry "POR"]
[SourceTitle "playchess.com"]
[Source "ChessBase"]
[SourceQuality "1"]
[TimeControl "5400+30"]

1. e4 c5 2. Nf3 e6 3. d4 cxd4 4. Nxd4 Nf6 5. Bd3 a6 6. O-O Qc7 7. Nc3 b5 8. a3 Bb7 9. Qe2 d6 {B43: Sicilian: Kan Variation: 5 Nc3.} (9... Bd6 $5 ) 10. Bg5 (10. Bd2 $14) 10... Be7 $11 11. Rad1 Nbd7 12. Kh1 O-O 13. f4 Rfe8 {[#]} 14. Rf3 $146 ({Predecessor:} 14. Qf3 Nc5 15. Rde1 h6 16. Bxf6 Bxf6 17. Nde2 Nxd3 18. cxd3 Qb6 19. Qg3 b4 20. axb4 Qxb4 {1-0 (51) Nayem,H (2074)-Wadifa,A (1565) Chess.com INT 2020}) 14... Bf8 (14... h6 $5 15. Bh4 Rac8 $15) 15. Rh3 {[#] aiming for Bxf6.} e5 16. fxe5 Rxe5 17. Bf4 Ree8 18. Nf5 Ne5 {Inhibits Qf3.} (18... Nc5 $15 {stays ahead.}) 19. Rg3 {White is more active.} (19. Bg5 $16 {Threatens to win with Bxf6.} Ned7 20. Qf2) 19... Ng6 20. Bg5 Nd5 21. Nxd5 Bxd5 22. Qg4 Be6 23. Rf1 d5 (23... Ne5 $11 24. Qh4 f6) 24. exd5 $1 $14 Bxd5 25. Qd1 Qb7 (25... Rac8 $11) 26. h4 $1 {[%cal Bh2h4,Bh4h5][%mdl 32] Black must now prevent h5.} Be4 27. h5 Bxf5 (27... Ne5 $2 28. Bxe4 Qxe4 29. Bf6 $18) 28. Bxf5 ({Of course not} 28. Rxf5 $6 Ne5 $11) 28... Ne5 {[#]} 29. Bf6 {This bishop pair is nice.} (29. c3 $1 $16) 29... Qc6 $11 {The position is equal.} 30. Bxe5 (30. Bh3 {seems wilder.} g6 31. Qd2 Bg7 32. Bxg7 Kxg7 33. Qf4) 30... Rxe5 31. Qf3 Qxf3 (31... Qc4 {with more complications.} 32. Bd3 Qd5 33. Qxd5 Rxd5 34. Rh3 Rg5) 32. Rgxf3 Rd8 33. g4 Rd4 34. Rf4 Rxf4 35. Rxf4 {[%mdl 4096] Endgame KRB-KRB} g6 36. hxg6 hxg6 37. Bd3 Re1+ 38. Rf1 Re6 39. Kg2 Kg7 40. Rf4 Bd6 41. Re4 Be5 42. b3 {Weighted Error Value: White=0.17 (very precise) /Black=0.16 (very precise)} 1/2-1/2